[Event "Late-Titled-Tuesday-Blitz-May-07-2024"]
[Site "Chess.com"]
[Date "2024.05.07"]
[Round "11"]
[White "1g60-1"]
[Black "nitpicker"]
[Result "1-0"]
[WhiteElo "2424"]
[BlackElo "2278"]
[TimeControl "180+1"]
[EndTime "16:06:05 PDT"]
[Termination "1g60-1 won on time"]

1. Nf3 Nf6 2. e3 g6 3. c4 Bg7 4. Nc3 c5 5. d4 cxd4 6. exd4 d5 7. cxd5 Nxd5 8. Bc4 Nb6 9. Bb3 Nc6 10. Be3 O-O 11. h3 Nb4 12. O-O N4d5 13. Bg5 Be6 14. Re1 Re8 15.
Nxd5 Nxd5 16. Rc1 Qd6 17. Ne5 Rac8 18. Qd2 f6 19. Nc4 Rxc4 20. Bxc4 fxg5 21. Qxg5 Bf7 22. Bb3 Qf4 23. Qxf4 Nxf4 24. Rc7 Bxd4 25. Rexe7 Rxe7 26. Rxe7 Bxb3 27. axb3 Bxb2 28. Rxb7 Bd4 29. Kf1 Bb6 30. Rd7 Ne6 31. g3 Nc5 32. Rd5 Nxb3 33. h4 Nc5 34. h5 Kf7 35. h6 a5 36. Rd6 Ba7 37. Rc6 a4 38. Rc7+ Ke6 39. Rxa7 1-0

[Event "Late-Titled-Tuesday-Blitz-May-07-2024"]
[Site "Chess.com"]
[Date "2024.05.07"]
[Round "11"]
[White "Der_Balak_3Halak"]
[Black "Mikhal867"]
[Result "1-0"]
[WhiteElo "2409"]
[BlackElo "2519"]
[TimeControl "180+1"]
[EndTime "16:06:07 PDT"]
[Termination "Der_Balak_3Halak won by checkmate"]

1. e4 g6 2. h4 d5 3. exd5 Nf6 4. c4 c6 5. dxc6 Nxc6 6. Nc3 Bg7 7. Nf3 Bg4 8. Be2 e5 9. O-O Qd7 10. d3 O-O-O 11. Be3 Rhe8 12. Rb1 Kb8 13. b4 Bxf3 14. Bxf3 Qxd3 15. Qa4 e4 16. Bf4+ Ka8 17. Nb5 exf3 18. Nc7+ Kb8 19. Nxe8+ Kc8 20. Rbd1 Qxc4 21. Nd6+ Rxd6 22.
Bxd6 Qg4 23. Bg3 Nh5 24. Qb3 Nxg3 25. fxg3 fxg2 26. Kxg2 Qe2+ 27. Rf2 Qe4+ 28. Qf3 Qxf3+ 29. Rxf3 f5 30. b5 Ne5 31. Rc3+ Kb8 32. Rd8# 1-0

[Event "Late-Titled-Tuesday-Blitz-May-07-2024"]
[Site "Chess.com"]
[Date "2024.05.07"]
[Round "11"]
[White "pouya21"]
[Black "GothamChess"]
[Result "1-0"]
[WhiteElo "2864"]
[BlackElo "2727"]
[TimeControl "180+1"]
[EndTime "16:06:09 PDT"]
[Termination "pouya21 won on time"]

1. e4 d5 2. exd5 Qxd5 3. Nc3 Qa5 4. d4 Nf6 5. Bc4 Bg4 6. f3 Bd7 7. Ne2 b5 8. Bd3 e6 9. Bd2 Qb6 10. a4 b4 11. a5 Qb7 12. Ne4 Nxe4 13. Bxe4 Bc6 14. Ng3 Bd6 15. Bxc6+ Nxc6 16. Ne4 Nxd4 17. c3 bxc3 18. Qa4+ Nc6 19. Bxc3 O-O 20. Nf6+ Kh8 21.
Qe4 g6 22. Qh4 h5 23. Qg5 Kg7 24. Nxh5+ Kh7 25. Nf6+ Kg7 26. Ng4+ f6 27. Bxf6+ Kf7 28. Bc3 Be7 29. Nh6+ Ke8 30. Qxg6+ Kd7 31. O-O-O+ Bd6 32. Rhe1 Qb3 33. Qg7+ Ne7 34. Ng4 Rab8 35. Ne5+ Kc8 36. Qxf8+ Kb7 37. Qf4 Nd5 38. Qc4 1-0

[Event "Late-Titled-Tuesday-Blitz-May-07-2024"]
[Site "Chess.com"]
[Date "2024.05.07"]
[Round "11"]
[White "Nf3c5"]
[Black "mbojan"]
[Result "0-1"]
[WhiteElo "2640"]
[BlackElo "2868"]
[TimeControl "180+1"]
[EndTime "16:06:09 PDT"]
[Termination "mbojan won on time"]

1. e4 c5 2. Nc3 a6 3. d4 cxd4 4.
Qxd4 Nc6 5. Qd3 b5 6. Bf4 e6 7.
O-O-O b4 8. Nd5 Ra7 9. Qg3 d6 10. Nf3 exd5 11. exd5 Nce7 12. Bc4 Nf5 13. Rhe1+ Be7 14.
Qg4 Nf6 15. Qh3 O-O 16. g4 Nxg4 17. Qxg4 Ne3 18. Qg3 Nxc4 19. Nd4 Qa5 20. Kb1 Qxd5 21. Ne6 Qxd1+ 22. Rxd1 Bxe6 23. Bg5 Bxg5 24. Qxg5 d5 25. Rg1 g6 26. h4 Nd6 27. h5 Nf5 28. h6 f6 29. Qf4 Re7 30. Qxb4 Rfe8 31. b3 Kf7 32. Qb6 Nxh6 33. Rh1 Kg7 34. Qxa6 Nf5 35. a4 h5 36. Qb6 h4 37. a5 g5 38. a6 d4 39. a7 Bd5 40. Qc5 Bxh1 41. Qxf5 Ba8 42. Qc5 Rf7 43. Qxd4 Ree7 44. f4 g4 45. f5 Re4 46. Qd8 Rf8 47. Qd7+ Kh6 48. Qd6 Ree8 49. Qf4+ Kh5 50. Qc7 Kg5 51.
Qh7 Rg8 52. c4 g3 53. Qc7 g2 54. Qh2 Kxf5 55. Qg1 h3 56. Qf2+ Kg6 57. Qg3+ Kf7 58.
Qc7+ Re7 59. Qh2 g1=Q+ 0-1

[Event "Late-Titled-Tuesday-Blitz-May-07-2024"]
[Site "Chess.com"]
[Date "2024.05.07"]
[Round "11"]
[White "mfschulz"]
[Black "gabduschew"]
[Result "1/2-1/2"]
[WhiteElo "2340"]
[BlackElo "2406"]
[TimeControl "180+1"]
[EndTime "16:06:10 PDT"]
[Termination "Game drawn by repetition"]

1. d4 d5 2. Bg5 Nf6 3. Bxf6 exf6 4. e3 c5 5. Nc3 Qb6 6. Nxd5 Qa5+ 7. Qd2 Qd8 8. dxc5 Bxc5 9. O-O-O O-O 10. Nf3 Be6 11. Nc3 Qe7 12. Kb1 Nc6 13. Bd3 Rfd8 14. Qe2 Bb4 15.
Ne4 a5 16. c3 Bc5 17. Nxc5 Qxc5 18. Nd4 a4 19. Nxe6 fxe6 20. Bc4 Kf7 21. a3 Ne5 22. Ba2 Qc6 23. f4 Nd7 24. f5 Nc5 25. fxe6+ Nxe6 26. Qg4 g6 27. Rxd8 Rxd8 28. Rd1 Rxd1+ 29. Qxd1 Ke7 30. Bxe6 Kxe6 31. Qc2 Qc4 32. h3 Qf1+ 33. Ka2 Qc4+ 34. Kb1 b5 35. g4 Qf1+ 36. Ka2 Qxh3 37. Qe4+ Kd6 38. Qd4+ Ke6 39. Qb6+ Kf7 40. Qc7+ Kf8 41. Qd8+ Kf7 42. Qd7+ Kf8 43. Qd8+ Kf7 44. Qd7+ Kf8 45.
Qd8+ 1/2-1/2

[Event "Late-Titled-Tuesday-Blitz-May-07-2024"]
[Site "Chess.com"]
[Date "2024.05.07"]
[Round "11"]
[White "Bala-Afiada"]
[Black "PNEPaul"]
[Result "0-1"]
[WhiteElo "1994"]
[BlackElo "1961"]
[TimeControl "180+1"]
[EndTime "16:06:16 PDT"]
[Termination "PNEPaul won by resignation"]

1. d4 Nf6 2. c4 c5 3. d5 Ne4 4. Qc2 Qa5+ 5. Nd2 Nf6 6. Nf3 d6 7. g3 g6 8. Bg2 Bg7 9. O-O O-O 10. e4 Na6 11. a3 h6 12. Re1 Qd8 13. Nf1 Nc7 14.
Bd2 a6 15. a4 b6 16. Bc3 Bd7 17.
N3d2 Rb8 18. f4 b5 19. axb5 axb5 20. cxb5 Nxb5 21. e5 Bf5 22. Qa4 dxe5 23. fxe5 Nxc3 24. bxc3 Nxd5 25. Qc6 Nxc3 26. Qxc5 Rc8 27. Qf2 Nb5 28. Ne3 Bd3 29. Ng4 Nd4 30. Qe3 Nc2 31. Nxh6+ Bxh6 32. Qxh6 Nxa1 33. Rxa1 Qd4+ 34. Kh1 Qxa1+ 0-1

[Event "Late-Titled-Tuesday-Blitz-May-07-2024"]
[Site "Chess.com"]
[Date "2024.05.07"]
[Round "11"]
[White "GMKrikor"]
[Black "Adar_07"]
[Result "0-1"]
[WhiteElo "2830"]
[BlackElo "2751"]
[TimeControl "180+1"]
[EndTime "16:06:21 PDT"]
[Termination "Adar_07 won on time"]

1. Nf3 d5 2. c4 d4 3. b4 c5 4. Bb2 f6 5. e3 e5 6. d3 dxe3 7. fxe3 cxb4 8. Nbd2 Bd6 9. d4 exd4 10. exd4 Ne7 11.
Qb3 Be6 12. Bd3 O-O 13. O-O Ng6 14. Rae1 Bf7 15. Qc2 Nc6 16. Ne4 Rc8 17. g3 Re8 18. c5 Bb8 19. Bc4 Bxc4 20. Qxc4+ Kh8 21. d5 Nce5 22.
Nxe5 Bxe5 23. Bxe5 Nxe5 24. Qd4 Qa5 25. Nd6 Nf3+ 26.
Rxf3 Rxe1+ 27. Kf2 Rxc5 28. Kxe1 b3+ 29. Kf2 Rc2+ 30.
Ke3 bxa2 31. Rf1 Qa3+ 32. Qd3 Rc3 0-1

[Event "Late-Titled-Tuesday-Blitz-May-07-2024"]
[Site "Chess.com"]
[Date "2024.05.07"]
[Round "11"]
[White "baki83"]
[Black "Oleksandr_Bortnyk"]
[Result "1-0"]
[WhiteElo "2945"]
[BlackElo "3062"]
[TimeControl "180+1"]
[EndTime "16:06:23 PDT"]
[Termination "baki83 won by resignation"]

1. e4 e5 2. Nf3 Ke7 3. Nxe5 d6 4. Nf3 g6 5. Nc3 Bg7 6. d4 Kf8 7. h3 Nc6 8. Be3 a6 9. Bc4 b5 10. Bb3 Na5 11. O-O Nxb3 12. axb3 Bb7 13. d5 Qd7 14.
Bd4 Re8 15. Bxg7+ Kxg7 16. Qd4+ f6 17. Ng5 h5 18. Ne6+ Kh7 19. b4 Qe7 20. f4 Nh6 21.
f5 gxf5 22. exf5 Rhg8 23. Ne4 Ref8 24. Nxf8+ Rxf8 25. Rae1 Qg7 26. Re2 Bc8 27. Ref2 Ng8 28. Rf4 Nh6 29. R1f3 Qf7 30. Kh2 Bb7 31. Rg3 Qe7 32.
Qd1 Rg8 33. Qxh5 Rxg3 34. Nxg3 Qg7 35. Rg4 Qf8 36. Qg6+ Kh8 37. Rh4 1-0

[Event "Late-Titled-Tuesday-Blitz-May-07-2024"]
[Site "Chess.com"]
[Date "2024.05.07"]
[Round "11"]
[White "chenxiaoyuer"]
[Black "TigrVShlyape"]
[Result "1-0"]
[WhiteElo "2813"]
[BlackElo "2947"]
[TimeControl "180+1"]
[EndTime "16:06:24 PDT"]
[Termination "chenxiaoyuer won on time"]

1. e4 c5 2. Nf3 e6 3. d4 cxd4 4. Nxd4 a6 5. Bd3 Bc5 6. Nb3 Ba7 7. O-O Ne7 8. Bf4 Nbc6 9. Nc3 d6 10. Qd2 O-O 11.
Rad1 e5 12. Be3 Bxe3 13. Qxe3 Be6 14. Nd5 a5 15. a3 a4 16. Nd2 Bxd5 17. exd5 Nxd5 18.
Bxh7+ Kxh7 19. Qe4+ Kg8 20. Qxd5 Ra5 21. Qd3 d5 22. Rfe1 e4 23. Qe3 Qf6 24. c4 Rd8 25. cxd5 Raxd5 26. Nxe4 Qxb2 27. Rxd5 Rxd5 28. Qg3 Qe5 29. f4 Qd4+ 30. Kh1 g6 31. Qh4 Kf8 32. Nf6 1-0

[Event "Late-Titled-Tuesday-Blitz-May-07-2024"]
[Site "Chess.com"]
[Date "2024.05.07"]
[Round "11"]
[White "vladgoncharov"]
[Black "wild3000"]
[Result "0-1"]
[WhiteElo "2568"]
[BlackElo "2494"]
[TimeControl "180+1"]
[EndTime "16:06:24 PDT"]
[Termination "wild3000 won by resignation"]

1. d4 d5 2. c4 e6 3. Nc3 Nf6 4. cxd5 exd5 5. Bg5 c6 6. e3 Nbd7 7. Bd3 h6 8. Bh4 Be7 9. Nge2 O-O 10. Qc2 Nh5 11.
Bxe7 Qxe7 12. a3 a5 13. Na4 g6 14. Rc1 Re8 15. O-O Qh4 16. Ng3 Nxg3 17. hxg3 Qg5 18.
Be2 h5 19. Bf3 Kg7 20. b4 axb4 21. axb4 Rh8 22. Rfe1 h4 23. gxh4 Qxh4 24. Kf1 Nf6 25. Nb6 Bf5 26. g3 Qh3+ 27. Bg2 Qh2 28. Qb3 Ne4 29. Nxa8 Nd2+ 30. Ke2 Nxb3 31. Rh1 Nxc1+ 32.
Kd2 Qxh1 33. Bxh1 Rxa8 0-1

[Event "Late-Titled-Tuesday-Blitz-May-07-2024"]
[Site "Chess.com"]
[Date "2024.05.07"]
[Round "11"]
[White "LeninGuerra"]
[Black "Magicmaster17"]
[Result "1-0"]
[WhiteElo "2670"]
[BlackElo "2866"]
[TimeControl "180+1"]
[EndTime "16:06:25 PDT"]
[Termination "LeninGuerra won by resignation"]

1. e4 c5 2. Nf3 a6 3. b4 cxb4 4. a3 d5 5. e5 bxa3 6. Bxa3 Nc6 7. d4 Bg4 8. c3 Nh6 9. Bd3 e6 10. Bxf8 Kxf8 11. Nbd2 g6 12. h3 Bxf3 13. Qxf3 Kg7 14.
O-O Rf8 15. Rfb1 b5 16. Nb3 f6 17. exf6+ Qxf6 18. Qxf6+ Kxf6 19. Nc5 Ra7 20. Rxa6 Rxa6 21.
Nxa6 Nf5 22. Bxb5 Rc8 23. Nc5 Nfxd4 24. cxd4 Nxd4 25. Nd7+ Ke7 26. Ne5 Kd6 27. Ng4 Rc3 28. Bf1 Nb3 29. Rd1 d4 30. Nf6 Ke5 31. Nxh7 Kf5 32.
Bd3+ Ke5 33. Bxg6 Nc1 34. Kf1 d3 35. Ng5 Rc8 36. Nf3+ Kf6 37. Bxd3 Nb3 38. Be2 Na5 39. g4 Nc6 40. g5+ Kf5 41. Kg2 Rg8 42. Kg3 Ne5 43. Nxe5 Rxg5+ 44. Ng4 1-0

[Event "Late-Titled-Tuesday-Blitz-May-07-2024"]
[Site "Chess.com"]
[Date "2024.05.07"]
[Round "11"]
[White "RantomOpening"]
[Black "ChessSwole"]
[Result "0-1"]
[WhiteElo "2497"]
[BlackElo "2616"]
[TimeControl "180+1"]
[EndTime "16:06:25 PDT"]
[Termination "ChessSwole won by resignation"]

1. Nc3 d5 2. e4 d4 3. Nce2 e5 4.
Ng3 g6 5. Nf3 Bg7 6. Bc4 Qe7 7.
a3 h5 8. h4 Be6 9. Bxe6 Qxe6 10.
d3 Nh6 11. Bg5 Nd7 12. Qe2 Ng4 13. Nh2 Nxh2 14. Rxh2 Bh6 15. Bxh6 Rxh6 16. Qd2 Rh8 17. Ne2 O-O-O 18. O-O-O Qa2 19. Qb4 Kb8 20. Kd2 Qe6 21.
f3 f5 22. Ng3 Nf6 23. Kc1 Rhf8 24. Kb1 fxe4 25. dxe4 Nd7 26. b3 c5 27. Qd2 c4 28.
bxc4 Rc8 29. Ne2 Rxc4 30. Nc1 Nc5 31. Nb3 Na4 32. Rc1 Nc3+ 33. Kb2 Rfc8 34. Qd3 Qb6 35. g3 Na4+ 36. Kb1 Rc3 37. Qd1 Re3 38. Qd2 Rxf3 39.
Rf2 Rxg3 40. Rg2 Rxb3+ 41. cxb3 Qxb3+ 42. Ka1 Qxa3+ 43. Kb1 Nc3+ 44. Rxc3 dxc3 45. Qd6+ Qxd6 0-1

[Event "Late-Titled-Tuesday-Blitz-May-07-2024"]
[Site "Chess.com"]
[Date "2024.05.07"]
[Round "11"]
[White "Eloist"]
[Black "only_strong_moves"]
[Result "0-1"]
[WhiteElo "2447"]
[BlackElo "2706"]
[TimeControl "180+1"]
[EndTime "16:06:27 PDT"]
[Termination "only_strong_moves won on time"]

1. e4 e5 2. Bc4 Nf6 3. d3 Nc6 4. Nf3 Bc5 5. O-O O-O 6. c3 d6 7.
Bb3 Bg4 8. h3 Bh5 9. Nbd2 Nd7 10. Re1 Kh8 11. g4 Bg6 12. Nf1 Bb6 13. Ng3 Nc5 14.
Bc2 d5 15. b4 dxe4 16. bxc5 exd3 17. cxb6 dxc2 18. Qxd8 Raxd8 19. bxc7 Rd1 20. Ba3 Rxa1 21. Rxa1 Rc8 22. Bd6 f6 23. Nf5 Kg8 24. Rc1 Bxf5 25. gxf5 Na5 26. Rxc2 Nc4 27. Bb4 Rxc7 28. Nd2 b6 29. Nxc4 Rxc4 30. Kf1 a5 31. Ba3 h5 32. Bb2 Kh7 33. Rd2 b5 34. Ke2 b4 35. cxb4 axb4 36.
Kd1 Kh6 37. Rc2 Rh4 38. Bc1+ Kh7 39. Rb2 g6 40. fxg6+ Kxg6 41. Bd2 Rxh3 42. Rxb4 Ra3 43. Rb2 h4 44. Bc1 h3 45. Re2 Rxa2 46. Re3 h2 47. Rg3+ Kf5 48. Rh3 Rxf2 49. Ke1 Rg2 50. Kf1 Rg1+ 51.
Kf2 h1=Q 52. Rxh1 Rxh1 0-1

[Event "Late-Titled-Tuesday-Blitz-May-07-2024"]
[Site "Chess.com"]
[Date "2024.05.07"]
[Round "11"]
[White "djano"]
[Black "Hirna2005"]
[Result "1-0"]
[WhiteElo "2540"]
[BlackElo "2350"]
[TimeControl "180+1"]
[EndTime "16:06:28 PDT"]
[Termination "djano won by checkmate"]

1. Nf3 g6 2. h4 Nf6 3. d4 d6 4. Nc3 Bg4 5. e4 Bg7 6. Be3 Nc6 7. Qd2 e5 8. d5 Ne7 9. O-O-O Bxf3 10. gxf3 a6 11.
Bh3 b5 12. Kb1 Qb8 13. Ne2 h5 14. Ng3 a5 15. Rhg1 b4 16. Nf5 Bf8 17. Bg5 Nd7 18.
Nxe7 Bxe7 19. f4 Bxg5 20. Bxd7+ Kxd7 21. Rxg5 exf4 22. Qxf4 Qe8 23. e5 Rf8 24. Qc4 Kc8 25. exd6 Qd7 26. dxc7 Qxc7 27. Qd4 Qd6 28. Re5 Rd8 29.
Rde1 Ra6 30. Qc4+ Kb8 31. Re7 Rb6 32. Rxf7 Rb7 33. Rxb7+ Kxb7 34. Qb5+ Kc8 35. Rd1 Qc7 36. Qa6+ Kd7 37. Qe6# 1-0

[Event "Late-Titled-Tuesday-Blitz-May-07-2024"]
[Site "Chess.com"]
[Date "2024.05.07"]
[Round "11"]
[White "LikeWater"]
[Black "Mops_2004"]
[Result "0-1"]
[WhiteElo "2710"]
[BlackElo "2809"]
[TimeControl "180+1"]
[EndTime "16:06:31 PDT"]
[Termination "Mops_2004 won on time"]

1. e4 c5 2. Nf3 Nc6 3. c3 Nf6 4. e5 Nd5 5. Bc4 Nb6 6. Bb3 d5 7. exd6 Qxd6 8. d4 cxd4 9. Nxd4 Nxd4 10. cxd4 Be6 11. Nc3 Bxb3 12. axb3 g6 13. Qf3 Qd7 14. h4 Bg7 15. h5 Bxd4 16. Bh6 Qc6 17. Qg3 g5 18. Bxg5 Rg8 19. O-O-O Bxc3 20. bxc3 f6 21. f4 h6 22. Rhe1 hxg5 23. Qe3 e6 24. h6 Nd5 25.
Qxe6+ Qxe6 26. Rxe6+ Kf7 27. Rde1 Nxf4 28. Re7+ Kg6 29. h7 Rg7 0-1

[Event "Late-Titled-Tuesday-Blitz-May-07-2024"]
[Site "Chess.com"]
[Date "2024.05.07"]
[Round "11"]
[White "schondeln"]
[Black "ashookk"]
[Result "1-0"]
[WhiteElo "2331"]
[BlackElo "2366"]
[TimeControl "180+1"]
[EndTime "16:06:36 PDT"]
[Termination "schondeln won on time"]

1. e4 e6 2. d4 d5 3. exd5 exd5 4.
Nf3 Bd6 5. c4 Nf6 6. Nc3 c6 7.
Bg5 dxc4 8. Bxc4 O-O 9. O-O Bg4 10.
h3 Bxf3 11. Qxf3 Nbd7 12. Rfe1 Qa5 13. Bd2 Rae8 14. Bb3 Bb8 15. Rad1 Qc7 16. g3 Nb6 17. Kg2 Qd7 18. Bg5 Nfd5 19. Ne4 h6 20. Bd2 Re7 21. Nc5 Qd8 22. Rxe7 Qxe7 23. Re1 Qc7 24. a4 Nd7 25.
Nd3 N7f6 26. Ne5 Qd8 27. h4 Re8 28. g4 Bxe5 29. dxe5 Nd7 30. Bxd5 cxd5 31. Qxd5 1-0

[Event "Late-Titled-Tuesday-Blitz-May-07-2024"]
[Site "Chess.com"]
[Date "2024.05.07"]
[Round "11"]
[White "boguszp"]
[Black "HipsterChess22"]
[Result "1-0"]
[WhiteElo "2058"]
[BlackElo "2196"]
[TimeControl "180+1"]
[EndTime "16:06:36 PDT"]
[Termination "boguszp won on time"]

1. d4 d5 2. Nf3 e6 3. c4 c6 4. Nc3 dxc4 5. a4 Bb4 6. e4 b5 7. Bd2 a5 8. axb5 Bxc3 9. Bxc3 cxb5 10. d5 Nf6 11. d6 Bb7 12. e5 Nd5 13. Nd4 b4 14.
Bd2 Ba6 15. Qa4+ Qd7 16. Qxa5 Bb7 17. Qxa8 Bxa8 18. Rxa8 O-O 19. Bxc4 Nc6 20. Rxf8+ Kxf8 21. Bb5 Qa7 22. Nxc6 Qb7 23. Ba4 Nb6 24. Bb5 Nd5 25.
Ba4 Nb6 26. Bxb4 Kg8 27. Ne7+ Kh8 28. Bc6 Qa7 29. O-O f6 30. Bc5 fxe5 31. Rd1 1-0

[Event "Late-Titled-Tuesday-Blitz-May-07-2024"]
[Site "Chess.com"]
[Date "2024.05.07"]
[Round "11"]
[White "dianamirza"]
[Black "A4RookA3"]
[Result "0-1"]
[WhiteElo "1958"]
[BlackElo "2428"]
[TimeControl "180+1"]
[EndTime "16:06:38 PDT"]
[Termination "A4RookA3 won on time"]

1. e4 a5 2. d4 Ra6 3. Bxa6 Nxa6 4. f4 b6 5. Nf3 Bb7 6. Nc3 Qa8 7. Qe2 e6 8. O-O g6 9. d5 Bg7 10. dxe6 fxe6 11. e5 Ne7 12. Be3 O-O 13. Rad1 Qc8 14. g4 Nb4 15. a3 Ba6 16. Qd2 Bxf1 17. axb4 axb4 18. Ne4 Bb5 19. Nd4 Bc4 20. b3 Bd5 21. Nf2 c5 22. Ne2 Qc6 23. Ng3 d6 24. Ra1 dxe5 25.
Ne2 exf4 26. Nxf4 Bxa1 27. Nxd5 Qxd5 28. Qxd5 Nxd5 0-1

[Event "Late-Titled-Tuesday-Blitz-May-07-2024"]
[Site "Chess.com"]
[Date "2024.05.07"]
[Round "11"]
[White "SHIVACalypso"]
[Black "OriTaichman"]
[Result "1-0"]
[WhiteElo "2547"]
[BlackElo "2607"]
[TimeControl "180+1"]
[EndTime "16:06:40 PDT"]
[Termination "SHIVACalypso won by checkmate"]

1. d4 Nf6 2. c4 g6 3. Nf3 Bg7 4. Nc3 O-O 5. e4 d6 6. Be2 e5 7.
d5 a5 8. O-O Na6 9. h3 Nc5 10.
Qc2 Ne8 11. b3 f5 12. Nd2 Nf6 13. a3 Bh6 14. exf5 Bxf5 15. Qb2 a4 16. b4 Nd3 17. Bxd3 Bxd3 18. Re1 Bxd2 19. Bxd2 Bxc4 20. Rac1 Qd7 21. Bg5 Nxd5 22. Nxd5 Bxd5 23. Rcd1 Bc6 24. Rxe5 Rae8 25. Rxe8 Rxe8 26. Bh6 Qf7 27. b5 Bd7 28. b6 cxb6 29. Rxd6 Bc6 30. Rf6 Qc7 31. f4 Qd7 32. Qe5 b5 33. Qc5 Re1+ 34. Kh2 Rh1+ 35. Kg3 Rg1 36.
Qf8# 1-0

[Event "Late-Titled-Tuesday-Blitz-May-07-2024"]
[Site "Chess.com"]
[Date "2024.05.07"]
[Round "11"]
[White "Chessdude1987"]
[Black "jinxy2009"]
[Result "1-0"]
[WhiteElo "2399"]
[BlackElo "2296"]
[TimeControl "180+1"]
[EndTime "16:06:40 PDT"]
[Termination "Chessdude1987 won on time"]

1. e4 c5 2. Nf3 Nc6 3. Bb5 e6 4. O-O Nge7 5. Re1 a6 6. Bf1 Ng6 7. c3 Be7 8. d4 cxd4 9. cxd4 d5 10. e5 O-O 11. Nc3 Bd7 12. g3 f6 13. h4 fxe5 14. dxe5 Be8 15. Bh3 Bd7 16. Nxd5 exd5 17. Qxd5+ Kh8 18.
Bxd7 Nb4 19. Qe4 Qxd7 20. h5 Qf5 21. hxg6 Qxf3 22. Qxf3 Rxf3 23. Bf4 Nc2 24. Red1 Bc5 25. Rac1 Rxf2 26. Kh1 Be3 27. Rxc2 Rxc2 28. Bxe3 Rxb2 29. e6 hxg6 30. e7 1-0

[Event "Late-Titled-Tuesday-Blitz-May-07-2024"]
[Site "Chess.com"]
[Date "2024.05.07"]
[Round "11"]
[White "h4parah5"]
[Black "vugarrasulov"]
[Result "1-0"]
[WhiteElo "3035"]
[BlackElo "2985"]
[TimeControl "180+1"]
[EndTime "16:06:42 PDT"]
[Termination "h4parah5 won on time"]

1. Nf3 Nf6 2. c4 e6 3. b3 d5 4. Bb2 Be7 5. e3 O-O 6. Nc3 b6 7. cxd5 exd5 8. g3 c5 9. Bg2 Nc6 10. O-O Ba6 11. Re1 Nb4 12. Ne5 Bd6 13. a3 Bxe5 14.
axb4 Bd3 15. bxc5 bxc5 16. Na4 Bxb2 17. Nxb2 Be4 18. Na4 Bxg2 19. Kxg2 c4 20. d4 cxd3 21. Qxd3 Rb8 22. Nc5 Qe7 23. Qd4 h5 24. b4 Rb6 25.
Rac1 Rfb8 26. Nd3 Ne4 27. Nf4 Nf6 28. Nxd5 Nxd5 29. Qxd5 Rb5 30. Rc5 Rxb4 31. Qxh5 g6 32. Qd5 Rd8 33. Qe5 Qb7+ 34. e4 Rb2 35. Rec1 Re2 36.
Kf3 Rxe4 37. Qxe4 Rd3+ 38. Kf4 g5+ 39. Rxg5+ Kf8 40. Qxb7 1-0

[Event "Late-Titled-Tuesday-Blitz-May-07-2024"]
[Site "Chess.com"]
[Date "2024.05.07"]
[Round "11"]
[White "WilsonPalencia21"]
[Black "azikom"]
[Result "1-0"]
[WhiteElo "2591"]
[BlackElo "2731"]
[TimeControl "180+1"]
[EndTime "16:06:44 PDT"]
[Termination "WilsonPalencia21 won on time"]

1. d4 d5 2. c4 e6 3. Nf3 c6 4.
Nc3 dxc4 5. a4 Bb4 6. e3 b5 7. Bd2 Bb7 8. axb5 Bxc3 9. Bxc3 cxb5 10. d5 Nf6 11. dxe6 Qxd1+ 12. Rxd1 fxe6 13. Nd4 O-O 14. Nxb5 Na6 15. Nd6 Bd5 16. f3 Rfd8 17. Nxc4 Nc5 18.
e4 Bc6 19. Ne5 Rxd1+ 20. Kxd1 Ba4+ 21. Ke1 Bb3 22. Nd3 Na4 23. Nc1 Nxc3 24. bxc3 Ba4 25. Bc4 Kf7 26. Kd2 Rd8+ 27. Nd3 Nd7 28. Ra1 Nb6 29. Ba6 Kf6 30. Ke3 g5 31. g3 h6 32. f4 Bb3 33. Nc5 Bc4 34. Bb7 gxf4+ 35. gxf4 Rg8 36. e5+ Kf7 37. Rxa7 1-0

[Event "Late-Titled-Tuesday-Blitz-May-07-2024"]
[Site "Chess.com"]
[Date "2024.05.07"]
[Round "11"]
[White "balack95"]
[Black "MuhittinBuker"]
[Result "1-0"]
[WhiteElo "2474"]
[BlackElo "2213"]
[TimeControl "180+1"]
[EndTime "16:06:49 PDT"]
[Termination "balack95 won by resignation"]

1. d4 Nf6 2. c4 d5 3. cxd5 Nxd5 4. e4 Nb6 5. Be3 g6 6. Nc3 Bg7 7. Nge2 O-O 8. g3 e5 9. Bg2 Nc6 10. d5 Ne7 11. O-O f5 12. exf5 gxf5 13. f4 e4 14. Bc5 Rf7 15. g4 Nc4 16. gxf5 b6 17. Bd4 Nxf5 18.
Bxg7 Rxg7 19. Rf2 Nce3 20. Qb3 Nh4 21. Ng3 Nexg2 22. Ncxe4 Kh8 23. Qc3 Bb7 24. Nh5 Qf8 25. Ng5 Bxd5 26. Rd1 Bg8 27. Rd7 Nf5 28. Nxg7 Nxg7 29.
Ne6 Bxe6 30. Rxc7 Bd5 31. f5 Rc8 32. Rxc8 Qxc8 33. Qxc8+ Bg8 34. Kxg2 Nh5 35. f6 Nxf6 36. Rxf6 1-0

[Event "Late-Titled-Tuesday-Blitz-May-07-2024"]
[Site "Chess.com"]
[Date "2024.05.07"]
[Round "11"]
[White "K_A_S_T_O_R"]
[Black "RuperezA"]
[Result "1/2-1/2"]
[WhiteElo "2819"]
[BlackElo "2660"]
[TimeControl "180+1"]
[EndTime "16:06:52 PDT"]
[Termination "Game drawn - insufficient material"]

1. e4 e6 2. d4 d5 3. Nc3 Bb4 4. e5 c5 5. Bd2 Nh6 6. Nb5 Bxd2+ 7. Qxd2 O-O 8. c3 cxd4 9. cxd4 Nc6 10. f4 Qb6 11. Nf3 Bd7 12. Nd6 Nf5 13. Nxf5 exf5 14.
Be2 Rac8 15. Kf2 Na5 16. b3 Bb5 17. Bxb5 Qxb5 18. Rac1 h6 19. h3 Rfd8 20. g4 fxg4 21. hxg4 Nc6 22. Rc5 Qb4 23. Rhc1 Qxd2+ 24. Nxd2 Ne7 25. f5 h5 26. Rxc8 Rxc8 27. Rxc8+ Nxc8 28. Kg3 Ne7 29. Nf1 hxg4 30. Kxg4 Nc6 31. Ne3 Nxd4 32.
Nxd5 Kf8 33. Kf4 g6 34. fxg6 fxg6 35. Ke4 Ne6 36. Nf6 Ke7 37. b4 Nc7 38. Nh7 Na6 39. a3 Nc7 40. Ng5 Nb5 41. a4 Nc3+ 42. Kd4 Nxa4 43. Ne4 Nb2 44. Nd6 g5 45. Nxb7 Kf7 46. Nc5 g4 47. Ke4 Nc4 48. Kf4 Ke7 49. e6 Nb6 50. Kxg4 Nd5 51. Kf5 Nxb4 52. Ke5 Nc6+ 53. Kd5 Nd8 54. Kc4 Nxe6 55. Nxe6 Kxe6 56. Kb5 Kd7 57.
Ka6 Kc7 58. Kxa7 1/2-1/2

[Event "Late-Titled-Tuesday-Blitz-May-07-2024"]
[Site "Chess.com"]
[Date "2024.05.07"]
[Round "11"]
[White "moro182"]
[Black "mishanick"]
[Result "0-1"]
[WhiteElo "2916"]
[BlackElo "3068"]
[TimeControl "180+1"]
[EndTime "16:06:53 PDT"]
[Termination "mishanick won by resignation"]

1. d4 Nf6 2. Nf3 d5 3. c3 e6 4. Bf4 Bd6 5. e3 O-O 6. Bd3 c5 7. dxc5 Bxf4 8. exf4 Qc7 9. g3 Nbd7 10. Nbd2 Nxc5 11.
Nb3 b6 12. Nbd4 Nxd3+ 13. Qxd3 a5 14. O-O Ba6 15. Nb5 Qc5 16. a4 Ne4 17. Nfd4 Nd6 18. Rfe1 Rfe8 19. Kg2 Rac8 20. Rad1 g6 21. h4 Bxb5 22.
Nxb5 Nxb5 23. axb5 h5 24. f3 Kf8 25. g4 hxg4 26.
fxg4 Qc4 27. Kg3 Qxd3+ 28. Rxd3 Rc5 29. Rd4 Rxb5 30. b4 Rc8 31. Re3 axb4 32. cxb4 Rc4 33. Rxc4 dxc4 34. Re4 Rxb4 35. f5 gxf5 36. gxf5 exf5 37.
Rd4 b5 38. Rd8+ Kg7 39. Rc8 Kg6 40. Rc6+ f6 41. Rc5 Rb1 42. Kf4 Rf1+ 43. Kg3 Rg1+ 44. Kh3 Rb1 45. Kg3 Rb4 46. Rc6 Rb3+ 47. Kf4 Rh3 48. Rc8 Rxh4+ 49. Kf3 b4 50. Kg3 Rg4+ 51. Kf3 b3 0-1

[Event "Late-Titled-Tuesday-Blitz-May-07-2024"]
[Site "Chess.com"]
[Date "2024.05.07"]
[Round "11"]
[White "Balla_Tamas"]
[Black "remyrushbrooke"]
[Result "1-0"]
[WhiteElo "2530"]
[BlackElo "2325"]
[TimeControl "180+1"]
[EndTime "16:06:55 PDT"]
[Termination "Balla_Tamas won on time"]

1. e4 g6 2. d4 Bg7 3. Nc3 d6 4.
f4 Nc6 5. Nf3 Nf6 6. Be3 O-O 7.
h3 e6 8. Bd3 Ne7 9. O-O b6 10.
e5 Nfd5 11. Nxd5 Nxd5 12. Bd2 c5 13. c3 Bb7 14. Kh1 dxe5 15. fxe5 Rc8 16. Ng5 c4 17. Bc2 h6 18. Ne4 Ba8 19. Qf3 f5 20. exf6 Nxf6 21. Nxf6+ Rxf6 22. Qg4 Rc7 23. Rae1 Rcf7 24. Rxf6 Rxf6 25.
Bxg6 e5 26. Be3 Qd6 27. Be4 Bxe4 28. Qxe4 Re6 29. dxe5 Rxe5 30. Qxc4+ Kh8 31. Bf2 Rxe1+ 32. Bxe1 Qd1 33. Qc8+ Kh7 34. Qf5+ Kh8 35. Qe4 Qc1 36. Qe2 Qb1 37. a3 a5 38. Kh2 Qf5 39. Bf2 1-0